 Dungeon Crawl Stone Soup version 0.15.2 (webtiles) character file.

4093 striepan the Carver (level 10, -18/94 HPs)
             Began as a Minotaur Fighter on Dec 20, 2014.
             Was a Believer of Okawaru.
             Killed from afar by a guardian serpent (29 damage)
             ... with a bolt of poison
             ... on Level 9 of the Dungeon.
             The game lasted 00:56:23 (7335 turns).

striepan the Carver (Minotaur Fighter)              Turns: 7335, Time: 00:56:23

HP -18/94        AC 16     Str 21      XL: 10   Next:  5%
MP   4/4         EV  4     Int  5      God: Okawaru [**....]
Gold 507         SH 10     Dex 13      Spells:  0 memorised,  9 levels left

rFire  . . .     SeeInvis .     D - +0 scimitar
rCold  . . .     Clarity  .     f - +2 plate armour
rNeg   + + .     rCorr    .     c - +0 shield
rPois  .         rRot     .     (helmet restricted)
rElec  .         Spirit   .     y - +0 cloak
SustAb .         Warding  +     (no gloves)
rMut   .         Stasis   .     (no boots)
Gourm  .                        u - amulet of warding
MR     .....                    m - ring of positive energy
                                (no ring)

@: lethally poisoned, very slightly contaminated, drained, not resistant to
hostile enchantments, extremely unstealthy
A: retaliatory headbutt, horns 2
a: Heroism, Renounce Religion


You were on level 9 of the Dungeon.
You worshipped Okawaru.
Okawaru was pleased with you.
You were hungry.

You visited 2 branches of the dungeon, and saw 10 of its levels.

You collected 507 gold pieces.

Inventory:

Hand weapons
 a - a +0 long sword
 v - a +1 falchion of electrocution
 B - a +1 flail of holy wrath
 D - a +0 scimitar (weapon)
 E - a +2 morningstar
Armour
 b - a +0 scale mail
 c - a +0 shield (worn)
 f - a +2 plate armour (worn)
 y - a +0 cloak (worn)
Magical devices
 q - a wand of random effects (11) {unknown}
 w - a wand of fireball (1)
 A - a wand of paralysis (8)
 G - a wand of digging (14)
 H - a wand of enslavement (10) {unknown}
 I - a wand of fire (4) {unknown}
 K - a wand of frost (21) {unknown}
 N - a wand of cold (9) {unknown}
Comestibles
 d - 4 bread rations
 h - 4 meat rations
 L - 3 chunks of orc flesh
 M - 11 royal jellies
Scrolls
 e - a scroll of recharging
 g - 4 scrolls of identify
 x - 4 scrolls of remove curse
 z - a scroll of immolation
 F - a scroll of magic mapping
 J - a scroll of fog
 P - a scroll of brand weapon {unknown}
Jewellery
 m - a ring of positive energy (right hand)
 u - an amulet of warding (around neck)
 C - an uncursed amulet of resist corrosion
Potions
 i - a potion of agility
 j - 2 potions of cure mutation
 l - a potion of brilliance
 n - a potion of resistance
 o - 4 potions of curing
 p - a potion of haste
 r - a potion of porridge
 s - a potion of restore abilities
 O - a potion of mutation {unknown}


   Skills:
 + Level 10.4(10.3) Fighting
 + Level 12.4 Long Blades
 - Level 7.0(6.9) Armour
 * Level 5.0 Shields


You had 9 spell levels left.
You didn't know any spells.

Dungeon Overview and Level Annotations

Branches:
Dungeon (9/15)             Temple (1/1) D:5
    Orc: D:9-12        Lair: D:8-11

Altars:
Ashenzari
Cheibriados
Dithmenos
Elyvilon
Fedhas
Kikubaaqudgha
Makhleb
Nemelex Xobeh
Okawaru
Qazlal
Sif Muna
Trog
Vehumet
Xom
Yredelemnul
Zin
The Shining One

Shops:
D:5 [:


Innate Abilities, Weirdness & Mutations

You reflexively headbutt those who attack you in melee.
You have a pair of horns on your head.


Message History

Blink to where?
Press: ? - help, Dir - move target cursor
As you read the scroll of blinking, it crumbles to dust.
You are very lightly contaminated with residual magic.
The guardian serpent gestures with its tail.
The giant frog blinks!
You block the giant frog's attack.
The guardian serpent casts a spell at you.
You resist with significant effort. The giant frog barely misses you.
There is a stone staircase leading down here.
The giant frog completely misses you.
The giant frog hits you but does no damage.
You block the giant frog's attack.
The giant frog hits you but does no damage.
You see here 14 stones.
The giant frog hits you but does no damage.
The giant frog hits you but does no damage.
The guardian serpent casts a spell at you.
The bolt of poison hits you!
You are poisoned.
You die...

.##...........#..#.....#.......#
.##.#########.#..#..#..........#
....# #.####..#........>.# ....#
#.#..#..#..#......># ....#
#.#..####..#.......# ....#
#.#..#..#..#..#....# ....#
#....#..####..#....# #####
#....#..#..#..#....#
##..@.F.#..####....#
#.....S#..#..#....#
######.###...(.#..#....#
#......###.....#..#....#
#..##.#..#.............#
#..##.#..#........#....#
#..##.#..#......###....#
#######.....#..#.....## #.>..#
............#..#..##.# #....#


You could see a guardian serpent and a giant frog.

Vanquished Creatures
  Pikel (D:4)
  A two-headed ogre (D:8)
  Eustachio (D:4)
  A hungry ghost (D:7)
  A water moccasin (D:6)
  3 orc warriors
  An ice beast (D:8)
  A centaur (D:6)
  2 sky beasts
  3 ogres
  3 giant frogs
  Sigmund (D:3)
  2 scorpions
  A wight (D:6)
  3 killer bees (D:9)
  An electric eel (D:6)
  4 crimson imps
  3 goliath beetles
  A centaur zombie (D:8)
  3 lava snakes (D:8)
  5 hounds
  6 jellies
  Crazy Yiuf (D:3)
  A gnoll shaman (D:7)
  3 orc priests
  8 orc wizards
  2 quasits
  3 worker ants
  A green rat (D:6)
  13 gnolls
  An orc zombie (D:7)
  15 adders
  2 giant mites (D:6)
  3 shadow imps
  5 worms
  An inept item mimic (D:5)
  An adder skeleton (D:7)
  10 giant geckos
  6 oozes
  34 orcs
  5 giant cockroaches
  12 goblins
  14 hobgoblins
  25 kobolds
  2 quokkas
  A ball python (D:6)
  18 bats
  A giant gecko skeleton (D:5)
  4 giant newts
  2 giant spores (D:6)
  A gnoll skeleton (D:5)
  2 hobgoblin skeletons
  10 jackals
  A jackal skeleton (D:5)
  2 kobold skeletons
  2 kobold zombies (D:5)
  17 rats
  A rat skeleton (D:8)
  3 ballistomycetes (D:6)
281 creatures vanquished.

Vanquished Creatures (others)
  2 shadow imps (D:4)
  An orc (D:4)
  A quokka (D:6)
  A giant newt (D:6)
5 creatures vanquished.

Grand Total: 286 creatures vanquished

Notes
Turn   | Place    | Note
--------------------------------------------------------------
     0 | D:1      | striepan, the Minotaur Fighter, began the quest for the Orb.
     0 | D:1      | Reached XP level 1. HP: 19/19 MP: 1/1
   147 | D:1      | Reached XP level 2. HP: 25/27 MP: 1/1
   269 | D:1      | Reached skill level 4 in Shields
   505 | D:1      | Reached XP level 3. HP: 31/33 MP: 2/2
   792 | D:2      | Reached XP level 4. HP: 32/40 MP: 2/2
  1505 | D:2      | Reached skill level 5 in Long Blades
  1642 | D:3      | Found a blossoming altar of Fedhas.
  1947 | D:3      | Reached XP level 5. HP: 41/46 MP: 2/2
  1955 | D:3      | Reached skill level 6 in Long Blades
  2410 | D:3      | Noticed Sigmund
  2426 | D:3      | Killed Sigmund
  2426 | D:3      | Reached skill level 7 in Long Blades
  2426 | D:3      | Reached XP level 6. HP: 38/52 MP: 3/3
  2435 | D:3      | Noticed Crazy Yiuf
  2440 | D:3      | Killed Crazy Yiuf
  2715 | D:4      | Reached skill level 5 in Fighting
  2715 | D:4      | Reached skill level 5 in Armour
  2878 | D:4      | Reached XP level 7. HP: 56/61 MP: 3/3
  3056 | D:4      | Noticed Eustachio
  3059 | D:4      | Noticed Pikel
  3066 | D:4      | Killed Pikel
  3066 | D:4      | Reached skill level 9 in Long Blades
  3066 | D:4      | Reached XP level 8. HP: 57/73 MP: 3/3
  3082 | D:4      | Killed Eustachio
  3289 | D:5      | Entered Level 5 of the Dungeon
  3433 | D:5      | Reached skill level 10 in Long Blades
  3459 | D:5      | Found a burning altar of Makhleb.
  3657 | D:5      | Found Planluum's Antique Armour Boutique.
  3767 | D:5      | Found Hitepeot's Book Shoppe.
  3923 | D:5      | Found a staircase to the Ecumenical Temple.
  3995 | Temple   | Entered the Ecumenical Temple
  4390 | D:6      | Reached XP level 9. HP: 47/82 MP: 4/4
  4417 | D:6      | Found an iron altar of Okawaru.
  4435 | D:6      | Became a worshipper of Warmaster Okawaru
  4523 | D:6      | Reached skill level 11 in Long Blades
  4961 | D:6      | Acquired Okawaru's first power
  5076 | D:6      | Found a shimmering altar of Xom.
  5077 | D:6      | Found an ancient bone altar of Kikubaaqudgha.
  5077 | D:6      | Found a glowing silver altar of Zin.
  5078 | D:6      | Found a sparkling altar of Nemelex Xobeh.
  5080 | D:6      | Found a glowing golden altar of the Shining One.
  5082 | D:6      | Found a bloodstained altar of Trog.
  6369 | D:8      | Reached skill level 10 in Fighting
  6376 | D:8      | Reached skill level 12 in Long Blades
  6427 | D:8      | Found a radiant altar of Vehumet.
  7016 | D:9      | Reached XP level 10. HP: 72/94 MP: 4/4
  7026 | D:9      | Reached skill level 5 in Shields
  7300 | D:9      | Noticed a guardian serpent
  7335 | D:9      | Killed from afar by a guardian serpent

Action                   |  1- 3 |  4- 6 |  7- 9 | 10-12 || total
-------------------------+-------+-------+-------+-------++-------
Melee: Long sword        |    99 |   104 |       |       ||   203
       Falchion          |       |    62 |   318 |       ||   380
       Scimitar          |       |       |   201 |    38 ||   239
Invok: Heroism           |       |       |     1 |       ||     1
Evoke: Wand              |       |       |     3 |       ||     3
  Use: Scroll            |     1 |     3 |    11 |     1 ||    16
       Potion            |       |       |     7 |     2 ||     9
 Stab: Paralysed         |       |       |     1 |       ||     1
  Eat: Chunk             |       |     7 |    12 |     1 ||    20
       Beef jerky        |       |       |     2 |       ||     2
